 Dungeon Crawl Stone Soup version 0.28.0-43-g3370ac3207 (webtiles) character file.

Game seed: 10512376626479431825

208 Ablot the Grasshopper (level 5, 0/43 HPs)
             Began as a Gnoll Warper on Mar 15, 2022.
             Slain by a water moccasin (2 damage)
             ... on level 4 of the Dungeon.
             The game lasted 00:04:10 (3182 turns).

Ablot the Grasshopper (Gnoll Warper)                Turns: 3182, Time: 00:04:10

Health: 0/43       AC:  4    Str: 12    XL:     5   Next: 86%
Magic:  12/12      EV: 13    Int: 12    God:
Gold:   122        SH:  0    Dex: 12    Spells: 12/14 levels left

rFire   . . .      SeeInvis .   j - +1 short sword (venom)
rCold   . . .      Faith    .   (no shield)
rNeg    . . .      Spirit   .   b - +0 leather armour
rPois   .          Reflect  .   m - +0 helmet
rElec   .          Harm     .   (no cloak)
rCorr   .          Rampage  .   (no gloves)
Will    .....                   (no boots)
Stlth   ++........              (no amulet)
HPRegen 0.14/turn               l - ring of wizardry
MPRegen 0.13/turn               (no ring)

@: no status effects
A: fangs 1, strong nose, distributed training
a: no special abilities


You were on level 4 of the Dungeon.
You visited 1 branch of the dungeon, and saw 4 of its levels.

You collected 188 gold pieces.
You spent 66 gold pieces at shops.

Inventory:

Hand Weapons
 a - a +0 spear
 j - a +1 short sword of venom (weapon)
Missiles
 d - 5 boomerangs of dispersal
 f - 59 sling bullets
 h - 51 stones
 k - 35 arrows
 n - 2 boomerangs (quivered)
 q - 3 poisoned darts
 u - 25 bolts
Armour
 b - a +0 leather armour (worn)
 m - a +0 helmet (worn)
 s - a +0 buckler
Jewellery
 l - a ring of wizardry (left hand)
Scrolls
 c - 2 scrolls of blinking
 g - a scroll of fear {unknown}
 i - a scroll of fog {unknown}
 o - a scroll of noise {unknown}
 p - 3 scrolls of identify
 r - a scroll of enchant weapon {unknown}
 t - a scroll of magic mapping
Potions
 e - a potion of cancellation
 v - a potion of curing {unknown}
 w - a potion of invisibility {unknown}


   Skills:
 + Level 4.8 Fighting
 + Level 1.6 Short Blades
 + Level 1.6 Long Blades
 + Level 1.6 Axes
 + Level 1.6 Maces & Flails
 + Level 4.8 Polearms
 + Level 1.6 Staves
 + Level 1.6 Slings
 + Level 1.6 Bows
 + Level 1.6 Crossbows
 + Level 3.1 Throwing
 + Level 3.1 Armour
 + Level 4.8 Dodging
 + Level 1.6 Stealth
 + Level 1.6 Shields
 + Level 1.6 Unarmed Combat
 + Level 5.2 Spellcasting
 + Level 1.3 Conjurations
 + Level 1.3 Hexes
 + Level 1.3 Summonings
 + Level 1.3 Necromancy
 + Level 5.6 Translocations
 + Level 1.3 Transmutations
 + Level 1.3 Fire Magic
 + Level 1.3 Ice Magic
 + Level 1.3 Air Magic
 + Level 1.3 Earth Magic
 + Level 1.3 Poison Magic
 + Level 1.9 Invocations
 + Level 1.6 Evocations


You had 12 spell levels left.
You knew the following spells:

 Your Spells              Type           Power      Damage    Failure   Level
a - Blink                 Tloc           32%        N/A       1%          2

Your spell library contained the following spells:

 Spells                   Type           Power      Damage    Failure   Level
 Gell's Gravitas          Tloc           16%        N/A       3%          3
 Lesser Beckoning         Tloc           16%        N/A       3%          3
 Teleport Other           Tloc           16%        N/A       3%          3
 Manifold Assault         Tloc           16%        N/A       26%         5


Dungeon Overview and Level Annotations

Branches:
Dungeon (4/15)
 Temple: D:4-7

Altars:
Trog

Shops:
D:2 ?


Innate Abilities, Weirdness & Mutations

You have very sharp teeth.
Your uncanny sense of smell can sniff out nearby items.
Your experience applies equally to all skills.


Message History

Throw: 2 boomerangs
Press: ? - help, Q - select action, (/) - cycle Shift-Dir - straight line, f/p - water moccasin
Aim: a water moccasin (moderately wounded, 42% to hit)
You throw a boomerang. The boomerang hits the water moccasin.
The water moccasin is moderately wounded.
Unknown command.
Throw: 2 boomerangs
Press: ? - help, Q - select action, (/) - cycle Shift-Dir - straight line, f/p - water moccasin
Aim: a water moccasin (moderately wounded, 42% to hit)
You throw a boomerang. The boomerang hits the water moccasin.
The water moccasin is heavily wounded.
The water moccasin bites you.
You barely miss the water moccasin.
The water moccasin is heavily wounded.
The water moccasin bites you!
You miss the water moccasin.
The water moccasin is heavily wounded.
The water moccasin bites you.
You hit the water moccasin.
The water moccasin is severely wounded.
The water moccasin bites you! The water moccasin closely misses you.
You hit the water moccasin. Your bite misses the water moccasin.
The water moccasin is severely wounded.
The water moccasin barely misses you.
You closely miss the water moccasin.
You bite the water moccasin, but do no damage.
The water moccasin is severely wounded.
The water moccasin closely misses you. The water moccasin bites you.
You closely miss the water moccasin.
The water moccasin is severely wounded.
The water moccasin bites you.
* * * LOW HITPOINT WARNING * * *
You barely miss the water moccasin.
The water moccasin is severely wounded.
The water moccasin bites you!
* * * LOW HITPOINT WARNING * * *
You hit the water moccasin.
The water moccasin is severely wounded.
The water moccasin bites you.
You die...

...........>##
.............#
.########....# .#
####.#..##### .#
#...........#
'#####.........#.#
..#.........##.#.#
..#'#.......##.#.#
....##......##.#@#
..####......##.#S#
..+ #.......##.#.#
### #+##.......#.#
.......##.# ####..
#.# #.# #.#


You could see a water moccasin.

Vanquished Creatures
  Jessica (D:2)
  An orc wizard (D:2)
  4 gnolls
  An adder (D:2)
  An adder skeleton (D:2)
  A worm (D:2)
  4 dart slugs
  3 orcs (D:2)
  9 ball pythons
  5 endoplasms
  2 giant cockroaches (D:1)
  9 goblins
  11 hobgoblins
  3 jackals (D:3)
  6 kobolds
  4 quokkas
  7 bats
  9 frilled lizards
  13 rats
94 creatures vanquished.

Notes
Turn   | Place    | Note
-------+----------+-------------------------------------------
     0 | D:1      | Ablot the Gnoll Warper began the quest for the Orb.
     0 | D:1      | Reached XP level 1. HP: 20/20 MP: 6/6
   189 | D:1      | Reached XP level 2. HP: 15/26 MP: 7/7
   192 | D:1      | Learned a level 2 spell: Blink
   383 | D:1      | Found a faded altar of an unknown god.
   489 | D:1      | Reached skill level 5 in Spellcasting
   489 | D:1      | Reached XP level 3. HP: 31/31 MP: 7/9
   908 | D:1      | Reached skill level 1 in Invocations
   980 | D:1      | Reached skill level 1 in Short Blades
   980 | D:1      | Reached skill level 1 in Long Blades
   980 | D:1      | Reached skill level 1 in Axes
   980 | D:1      | Reached skill level 1 in Maces & Flails
   980 | D:1      | Reached skill level 1 in Staves
   980 | D:1      | Reached skill level 1 in Slings
   980 | D:1      | Reached skill level 1 in Bows
   980 | D:1      | Reached skill level 1 in Crossbows
   980 | D:1      | Reached skill level 1 in Stealth
   980 | D:1      | Reached skill level 1 in Shields
   980 | D:1      | Reached skill level 1 in Unarmed Combat
   980 | D:1      | Reached skill level 1 in Evocations
  1292 | D:2      | Reached XP level 4. HP: 37/38 MP: 11/11
  1429 | D:2      | Found a bloodstained altar of Trog.
  1469 | D:2      | Noticed Jessica
  1476 | D:2      | Killed Jessica
  1477 | D:2      | Reached skill level 1 in Conjurations
  1477 | D:2      | Reached skill level 1 in Hexes
  1477 | D:2      | Reached skill level 1 in Summonings
  1477 | D:2      | Reached skill level 1 in Necromancy
  1477 | D:2      | Reached skill level 1 in Transmutations
  1477 | D:2      | Reached skill level 1 in Fire Magic
  1477 | D:2      | Reached skill level 1 in Ice Magic
  1477 | D:2      | Reached skill level 1 in Air Magic
  1477 | D:2      | Reached skill level 1 in Earth Magic
  1477 | D:2      | Reached skill level 1 in Poison Magic
  1478 | D:2      | Found Ydoo's Magic Scroll Shoppe.
  1548 | D:2      | Bought a scroll of identify for 24 gold pieces
  1596 | D:2      | Reached XP level 5. HP: 43/43 MP: 12/12
  2225 | D:2      | Bought a scroll of magic mapping for 42 gold pieces
  3170 | D:4      | Noticed a water moccasin
  3181 | D:4      | HP: 2/43 [water moccasin (7)]
  3182 | D:4      | Slain by a water moccasin

Illustrated notes

Levels and vault maps discovered:
D:1:      saegor_arrival_simple_b, layout_loops_ring,
          nicolae_ecumenical_snake_handling, minmay_nonomino_d4
D:2:      cheibrodos_greedy_goblins, layout_basic, basic_altar, serial_shops,
          nicolae_shop_behind_doors, minmay_misc_feat_ornament, uniq_jessica
D:3:      layout_rooms
D:4:      nicolae_cairo_tiling_large, layout_basic, amcnicky_altar_gilded,
          grunt_ministairs_13, uniq_blork_the_orc

Skill      XL: |  1  2  3  4  5 |
---------------+----------------+-----
Spellcasting   | 5 |  5.2
Invocations    | 1 |  1.9
Short Blades   | 1 |  1.6
Long Blades    | 1 |  1.6
Axes           | 1 |  1.6
Maces & Flails | 1 |  1.6
Staves         | 1 |  1.6
Slings         | 1 |  1.6
Bows           | 1 |  1.6
Crossbows      | 1 |  1.6
Stealth        | 1 |  1.6
Shields        | 1 |  1.6
Unarmed Combat | 1 |  1.6
Evocations     | 1 |  1.6
Conjurations   | 1 |  1.3
Hexes          | 1 |  1.3
Summonings     | 1 |  1.3
Necromancy     | 1 |  1.3
Transmutations | 1 |  1.3
Fire Magic     | 1 |  1.3
Ice Magic      | 1 |  1.3
Air Magic      | 1 |  1.3
Earth Magic    | 1 |  1.3
Poison Magic   | 1 |  1.3
Throwing       | 3 |  3.1
Armour         | 3 |  3.1
Fighting       | |  4.8
Polearms       | |  4.8
Dodging        | |  4.8
Translocations | |  5.6

Action                   |  1- 3 |  4- 6 || total
-------------------------+-------+-------++-------
Melee: Spear             |    92 |       ||    92
       Bite              |     9 |    15 ||    24
       Short sword       |    43 |   125 ||   168
       Punch             |       |     1 ||     1
Throw: Boomerang         |       |    15 ||    15
  Use: Scroll            |       |     1 ||     1
 Stab: Sleeping          |     1 |     2 ||     3
Armor: Leather armour    |    16 |    32 ||    48
Dodge: Dodged            |    70 |    83 ||   153
